[Event "Titled Tuesday Blitz November 29 Late 2022"]
[White "Kalogeris, Ioannis"]
[Black "Kim, Sergey"]
[WhiteFideId "4239563"]
[BlackFideId "13700570"]
[WhiteElo "2312"]
[BlackElo "2613"]
[Result "1-0"]
[Round "08"]
[TimeControl "180+1"]
[Date "2022.11.30"]
[WhiteClock "0:01:10"]
[BlackClock "0:01:02"]

1. e4 e5 2. Nf3 Nc6 3. Bb5 a6 4. Ba4 Nf6 5. Bxc6 dxc6 6. d3 Nd7 7. Nbd2 g6 8. Nc4 Bg7 9. h4 h5 10. Bg5 f6 11. Be3 Qe7 12. O-O O-O 13. d4 exd4 14. Qxd4 Ne5 15. Ncxe5 fxe5 16. Qc5 Qxc5 17. Bxc5 Re8 18. Rad1 Bg4 19. Rd3 b6 20. Bb4 c5 21. Bc3 Be6 22. b3 c4 23. Rd2 cxb3 24. cxb3 Bg4 25. Ng5 Rad8 26. f3 Rxd2 27. Bxd2 Bd7 28. Rc1 c5 29. Kf2 a5 30. Bc3 Bf8 31. Rd1 Bc6 32. Ke3 a4 33. g4 hxg4 34. fxg4 axb3 35. axb3 Be7 36. Nf3 Bf6 37. Rd6 1-0


[Site "https://www.chess.com"]

[Event "Titled Tuesday Blitz November 29 Late 2022"]
[White "Kamsky, Gata"]
[Black "Nasuta, Grzegorz"]
[WhiteFideId "2000024"]
[BlackFideId "1141686"]
[WhiteElo "2666"]
[BlackElo "2440"]
[Result "1-0"]
[Round "08"]
[TimeControl "180+1"]
[Date "2022.11.30"]
[WhiteClock "0:00:09"]
[BlackClock "0:00:11"]

1. d4 d5 2. Bf4 c5 3. e3 Nc6 4. c3 Bf5 5. Qb3 Qd7 6. dxc5 e5 7. Bg3 Bxc5 8. Nf3 f6 9. Nbd2 Nge7 10. Be2 Be6 11. O-O O-O 12. Rfd1 Rfd8 13. e4 Kh8 14. exd5 Bxd5 15. Qb5 Bb6 16. Nc4 Bc7 17. Ne3 a6 18. Qa4 Nd4 19. Rxd4 exd4 20. Qxd7 Rxd7 21. Nxd4 Bxg3 22. hxg3 Re8 23. Nxd5 Nxd5 24. Bf3 Nb6 25. Bg4 Rde7 26. Nc2 g6 27. Rd1 Nc4 28. b3 Ne5 29. Be2 Rd7 30. Nd4 Nc6 31. Bf3 Red8 32. Re1 Nxd4 33. cxd4 Kg7 34. d5 Kf7 35. g4 Re8 36. Rc1 Ke7 37. a4 Kd6 38. Kh2 Rc7 39. Rb1 Rc2 40. Kg3 Rc3 41. b4 Re5 42. Kh2 Rc4 43. Kg3 Re7 44. a5 b5 45. axb6 Rb7 46. Re1 Rxb4 47. Re6+ Kc5 48. Rc6+ Kd4 49. d6 R4xb6 50. d7 1-0


[Site "https://www.chess.com"]

[Event "Titled Tuesday Blitz November 29 Late 2022"]
[White "Kobo, Ori"]
[Black "Olafsson, Helgi"]
[WhiteFideId "2812320"]
[BlackFideId "2300010"]
[WhiteElo "2447"]
[BlackElo "2463"]
[Result "1-0"]
[Round "08"]
[TimeControl "180+1"]
[Date "2022.11.30"]
[WhiteClock "0:00:51"]
[BlackClock "0:00:19"]

1. Nf3 Nf6 2. c4 b6 3. g3 c5 4. Bg2 Bb7 5. O-O g6 6. b3 Bg7 7. Bb2 O-O 8. d4 Na6 9. d5 d6 10. Nbd2 b5 11. e4 bxc4 12. bxc4 Rb8 13. Rb1 e5 14. a3 Bc8 15. Qa4 Nd7 16. Bc3 Nb6 17. Qc2 Bd7 18. Ba5 Qe7 19. Ne1 f5 20. Nd3 Bh6 21. f4 fxe4 22. Nxe4 exf4 23. Nxf4 Bxf4 24. gxf4 Bf5 25. Rbe1 Rbe8 26. Bc3 Nxc4 27. Qa4 Nb6 28. Qxa6 1-0


[Site "https://www.chess.com"]

[Event "Titled Tuesday Blitz November 29 Late 2022"]
[White "Kollars, Dmitrij"]
[Black "Corrales Jimenez, Fidel"]
[WhiteFideId "12909572"]
[BlackFideId "3506690"]
[WhiteElo "2584"]
[BlackElo "2541"]
[Result "0-1"]
[Round "08"]
[TimeControl "180+1"]
[Date "2022.11.30"]
[WhiteClock "0:00:09"]
[BlackClock "0:00:32"]

1. d4 Nf6 2. Nf3 g6 3. Nbd2 d5 4. b3 Bg7 5. Bb2 O-O 6. e3 b6 7. Be2 Bb7 8. O-O Nbd7 9. a4 a5 10. Rc1 c5 11. c4 e6 12. Qc2 Rc8 13. Qb1 Qe7 14. Qa1 Rfe8 15. Rfd1 cxd4 16. Nxd4 e5 17. Nb5 d4 18. exd4 exd4 19. Nxd4 Ne5 20. h3 Nh5 21. Bxh5 gxh5 22. Nf1 Qg5 23. Ne3 Ng6 24. Nd5 Bxd5 25. cxd5 Nf4 26. g3 Bxd4 27. Rxd4 Ne2+ 28. Kh2 Nxd4 29. Rxc8 Nf3+ 30. Kg2 Rxc8 31. Qd1 Nh4+ 32. Kh2 Qf5 33. Kg1 Qf3 34. Qd2 Qg2# 0-1


[Site "https://www.chess.com"]

[Event "Titled Tuesday Blitz November 29 Late 2022"]
[White "Kovacevic, Radmila"]
[Black "Wieczorek, Zbigniew"]
[WhiteFideId "933171"]
[BlackFideId "1102001"]
[WhiteElo "2208"]
[BlackElo "2306"]
[Result "1/2-1/2"]
[Round "08"]
[TimeControl "180+1"]
[Date "2022.11.30"]
[WhiteClock "0:01:33"]
[BlackClock "0:00:05"]

1. e4 g6 2. h4 h5 3. d4 Bg7 4. c3 d6 5. Bg5 Nf6 6. f3 Nbd7 7. Bc4 c6 8. Nd2 d5 9. Bb3 dxe4 10. Nxe4 Qc7 11. Ne2 Nxe4 12. fxe4 e5 13. O-O O-O 14. g4 hxg4 15. h5 gxh5 16. Ng3 exd4 17. Nxh5 Nc5 18. Nxg7 Qg3+ 19. Kh1 Qh3+ 20. Kg1 Qg3+ 21. Kh1 Qh3+ 22. Kg1 Qg3+ 1/2-1/2


[Site "https://www.chess.com"]

[Event "Titled Tuesday Blitz November 29 Late 2022"]
[White "Kowalski, Igor"]
[Black "Annaberdiyev, Babageldi"]
[WhiteFideId "1172468"]
[BlackFideId "14000385"]
[WhiteElo "2317"]
[BlackElo "2332"]
[Result "1-0"]
[Round "08"]
[TimeControl "180+1"]
[Date "2022.11.30"]
[WhiteClock "0:00:24"]
[BlackClock "0:01:50"]

1. d4 Nf6 2. Nf3 g6 3. Nc3 d5 4. Bf4 a6 5. e3 Bg7 6. Be2 O-O 7. Ne5 b5 8. h4 b4 9. Nb1 h6 10. g4 Nfd7 11. Nd3 a5 12. Nd2 Ba6 13. Nf3 Bxd3 14. Bxd3 c5 15. c3 c4 16. Bc2 Nc6 17. h5 g5 18. Nxg5 e5 19. dxe5 Ndxe5 20. Nh7 bxc3 21. bxc3 d4 22. cxd4 Nxd4 23. exd4 Nd3+ 24. Bxd3 cxd3 25. Nxf8 Qxd4 26. Be3 Qxa1 27. Qxa1 Bxa1 28. Kd2 Bg7 29. Nd7 Rd8 30. Nc5 Bf8 31. Nxd3 Bb4+ 32. Ke2 1-0


[Site "https://www.chess.com"]

[Event "Titled Tuesday Blitz November 29 Late 2022"]
[White "Leebit02"]
[Black "Khandelwal, Ankush"]
[BlackFideId "413470"]
[WhiteElo "2310"]
[BlackElo "2271"]
[Result "0-1"]
[Round "08"]
[TimeControl "180+1"]
[Date "2022.11.30"]
[WhiteClock "0:00:18"]
[BlackClock "0:00:22"]

1. e4 c5 2. Nf3 d6 3. d4 cxd4 4. Nxd4 Nf6 5. Nc3 a6 6. f3 e5 7. Nb3 Be7 8. Be3 Be6 9. g4 d5 10. exd5 Nxd5 11. Nxd5 Bh4+ 12. Bf2 Bxf2+ 13. Kxf2 Bxd5 14. c4 Qh4+ 15. Kg1 Bc6 16. Qe1 Qf6 17. Bg2 Nd7 18. Qe3 O-O 19. h4 Qe6 20. Rc1 f5 21. g5 f4 22. Qe2 Rae8 23. Kh2 Qg6 24. Nd2 Qh5 25. Kg1 e4 26. Qd1 e3 27. Nb3 Ne5 28. Rh3 e2 29. Qxe2 Nxf3+ 30. Bxf3 Rxe2 31. Bxh5 Rg2+ 32. Kf1 f3 33. Nd4 f2 34. Bf3 Rg1+ 35. Kxf2 Rxc1 36. Nxc6 bxc6 37. b3 Rc2+ 38. Ke3 c5 39. Bd5+ Kh8 40. a4 Rc3+ 0-1


[Site "https://www.chess.com"]

[Event "Titled Tuesday Blitz November 29 Late 2022"]
[White "Liu, Kelsey"]
[Black "Buchenau, Frank"]
[WhiteFideId "30944481"]
[BlackFideId "4604350"]
[WhiteElo "2280"]
[BlackElo "2157"]
[Result "0-1"]
[Round "08"]
[TimeControl "180+1"]
[Date "2022.11.30"]
[WhiteClock "0:00:23"]
[BlackClock "0:00:20"]

1. e4 e6 2. d4 d5 3. Nc3 Nf6 4. Bg5 dxe4 5. Nxe4 Be7 6. Bxf6 gxf6 7. Nf3 f5 8. Nc5 Nd7 9. Nxd7 Bxd7 10. Ne5 Bf6 11. Qh5 Bxe5 12. dxe5 Bc6 13. Bd3 Qe7 14. O-O-O O-O-O 15. f3 Rdg8 16. Rhg1 Qg5+ 17. Qxg5 Rxg5 18. Be2 Rhg8 19. g3 f4 20. Rd4 Rxe5 21. Bd1 fxg3 22. hxg3 Reg5 23. g4 e5 24. Rd3 f5 25. Rh1 fxg4 26. Rxh7 g3 27. Rh1 g2 28. Rg1 Rh8 29. Rd2 Rh1 30. Rgxg2 Rxg2 31. Rxg2 Bxf3 32. Rd2 e4 33. c3 Bxd1 34. Rxd1 Rxd1+ 35. Kxd1 Kd7 36. Ke2 Ke6 37. Ke3 Kd5 38. c4+ Kxc4 39. Kxe4 a5 40. Ke5 Kd3 41. a3 Kc2 42. b4 axb4 43. axb4 Kc3 44. b5 Kc4 0-1


[Site "https://www.chess.com"]

[Event "Titled Tuesday Blitz November 29 Late 2022"]
[White "Maksimovic, Bojan"]
[Black "Ehlvest, Jaan"]
[WhiteFideId "14408120"]
[BlackFideId "4500016"]
[WhiteElo "2447"]
[BlackElo "2430"]
[Result "1-0"]
[Round "08"]
[TimeControl "180+1"]
[Date "2022.11.30"]
[WhiteClock "0:00:03"]
[BlackClock "0:00:01"]

1. e4 c5 2. Nf3 e6 3. d4 cxd4 4. Nxd4 Nf6 5. Nc3 Nc6 6. Ndb5 Bc5 7. Bf4 O-O 8. Bc7 Qe7 9. Bd6 Bxd6 10. Qxd6 Qd8 11. O-O-O a6 12. Nd4 Ne7 13. h4 b5 14. h5 h6 15. f3 Bb7 16. Kb1 Rc8 17. Nb3 Rxc3 18. bxc3 Nc8 19. Qd4 Qc7 20. c4 d5 21. exd5 exd5 22. c5 Ne7 23. g4 Nc6 24. Qd2 Ne5 25. Qf4 Nh7 26. Bd3 Ng5 27. Rhf1 f6 28. Qg3 Ne6 29. f4 Nc4 30. Qf2 Rd8 31. Bf5 Nf8 32. Rfe1 a5 33. Qd4 a4 34. Nd2 Bc6 35. Nxc4 bxc4 36. Ka1 a3 37. Rb1 Ba4 38. Rb4 Be8 39. Reb1 Bc6 40. Rb6 Re8 41. Qc3 Nd7 42. Bxd7 Qxd7 43. Qxa3 d4 44. Qa6 d3 45. Qxc4+ Bd5 46. Qxd3 Qf7 47. Rb8 Bc6 48. f5 Kh7 49. Rxe8 Qxe8 50. a3 Qe5+ 51. Ka2 Qxc5 52. Rb4 Bd5+ 53. Kb2 1-0


[Site "https://www.chess.com"]

[Event "Titled Tuesday Blitz November 29 Late 2022"]
[White "Marcolino, Daniel Mattos"]
[Black "Bogaudinov, Rushan"]
[WhiteFideId "2106841"]
[BlackFideId "4129288"]
[WhiteElo "2134"]
[BlackElo "1997"]
[Result "0-1"]
[Round "08"]
[TimeControl "180+1"]
[Date "2022.11.30"]
[WhiteClock "0:00:14"]
[BlackClock "0:00:59"]

1. d4 g6 2. Nf3 Bg7 3. g3 b6 4. Bg2 Bb7 5. O-O Nf6 6. c4 O-O 7. Nc3 Ne4 8. Qc2 Nxc3 9. Qxc3 Be4 10. Rd1 d6 11. b4 a5 12. a3 axb4 13. axb4 Rxa1 14. Qxa1 Nc6 15. b5 Na5 16. Qa2 d5 17. c5 Nc4 18. e3 Qa8 19. Qb3 Qa5 20. Nd2 Bxg2 21. Kxg2 Nxd2 22. Bxd2 Qa7 23. cxb6 cxb6 24. Rc1 e6 25. Bb4 Ra8 26. Bd6 h5 27. Rc7 Qa5 28. Rb7 Qd2 29. g4 Ra2 30. Bg3 hxg4 31. Rxb6 Qe2 32. h3 Qf3+ 33. Kh2 Rxf2+ 34. Bxf2 Qxf2+ 35. Kh1 g3 36. Rb8+ Kh7 0-1


[Site "https://www.chess.com"]

[Event "Titled Tuesday Blitz November 29 Late 2022"]
[White "Martinez Ramirez, Lennis"]
[Black "Miller, Luke C"]
[WhiteFideId "3509079"]
[BlackFideId "2096935"]
[WhiteElo "2439"]
[BlackElo "2420"]
[Result "0-1"]
[Round "08"]
[TimeControl "180+1"]
[Date "2022.11.30"]
[WhiteClock "0:00:45"]
[BlackClock "0:00:10"]

1. d4 Nf6 2. Nc3 d5 3. Bg5 c5 4. Bxf6 exf6 5. e4 dxe4 6. d5 f5 7. f3 Bd6 8. fxe4 fxe4 9. Nxe4 Qh4+ 10. Nf2 Qb4+ 11. Qd2 Qxb2 12. Rd1 O-O 13. Nf3 c4 14. c3 Re8+ 15. Be2 Qxd2+ 16. Nxd2 b5 17. Rc1 Bf4 18. Rc2 Bf5 19. Rb2 Bd3 20. Nf3 Bc1 21. Rxb5 Rxe2+ 22. Kd1 Bh6 23. Nxd3 cxd3 24. Re1 Rxe1+ 25. Nxe1 d2 26. Nf3 Nd7 27. Nxd2 Nb6 28. Nb3 Rd8 29. c4 Nxc4 30. Nd4 Ne3+ 31. Ke2 Nxd5 32. Nc6 Nc3+ 33. Kf3 Rd3+ 34. Kg4 Nxb5 35. Ne7+ Kf8 36. Nf5 Nd4 37. a4 Nxf5 38. Kh5 Rd4 39. g4 g6# 0-1


[Site "https://www.chess.com"]

[Event "Titled Tuesday Blitz November 29 Late 2022"]
[White "Mekhitarian, Krikor Sevag"]
[Black "Yanchenko, Roman"]
[WhiteFideId "2107660"]
[BlackFideId "4137329"]
[WhiteElo "2604"]
[BlackElo "2489"]
[Result "1-0"]
[Round "08"]
[TimeControl "180+1"]
[Date "2022.11.30"]
[WhiteClock "0:00:43"]
[BlackClock "0:00:03"]

1. e4 e6 2. d3 d5 3. Nd2 Nf6 4. g3 c5 5. Bg2 Nc6 6. Ngf3 g6 7. O-O Bg7 8. Re1 O-O 9. c3 b5 10. exd5 exd5 11. Nb3 c4 12. Nbd4 Nxd4 13. Nxd4 Bg4 14. Qc2 a6 15. h3 Bd7 16. dxc4 bxc4 17. Bg5 Rb8 18. Rad1 Qa5 19. a3 h6 20. Bxf6 Bxf6 21. Qc1 Kg7 22. Nc2 Be6 23. Nb4 Rb5 24. h4 h5 25. Qf4 d4 26. cxd4 Rf5 27. Qd2 Rb5 28. Qc2 Rc8 29. Be4 Bf5 30. Bxf5 Rxf5 31. Qe4 c3 32. bxc3 Rxc3 33. Nc2 Qa4 34. Ne3 Rb5 35. Qf3 Rxa3 36. d5 Rb8 37. d6 Rd8 38. Kg2 Qb5 39. Nf5+ Qxf5 40. Qxa3 Qg4 41. Qf3 Qd7 42. Rd5 Qa7 43. Qa3 Qb6 44. Red1 Rd7 45. Qa4 Qb7 46. Kg1 Bc3 47. Rc5 Bf6 48. Qc4 Qb6 49. Rc6 1-0


[Site "https://www.chess.com"]

[Event "Titled Tuesday Blitz November 29 Late 2022"]
[White "Mickiewicz, Piotr"]
[Black "Cappelletto, Joshuaede"]
[WhiteFideId "1114891"]
[BlackFideId "2824383"]
[WhiteElo "2246"]
[BlackElo "2237"]
[Result "0-1"]
[Round "08"]
[TimeControl "180+1"]
[Date "2022.11.30"]
[WhiteClock "0:00:04"]
[BlackClock "0:00:41"]

1. Nf3 Nf6 2. c4 e6 3. g3 d5 4. Bg2 dxc4 5. Qa4+ Nbd7 6. O-O a6 7. Qxc4 b5 8. Qc2 Bb7 9. d3 c5 10. a4 Be7 11. Nc3 b4 12. Ne4 O-O 13. Rd1 Nxe4 14. dxe4 Qc8 15. Nd2 Qc7 16. b3 a5 17. Bb2 Nb6 18. e5 Bxg2 19. Kxg2 Rac8 20. Nc4 Nxc4 21. Qxc4 h6 22. h4 Rfd8 23. f3 Qc6 24. e4 Rc7 25. Rxd8+ Bxd8 26. Rd1 Be7 27. Kf2 Rd7 28. Rxd7 Qxd7 29. Ke2 Kh7 30. Bc1 Qd8 31. Be3 Qc7 32. f4 Qc6 33. h5 Qc7 34. Kd2 Qc6 35. Kc2 Qc7 36. Qb5 Bf8 37. Kd3 Qd8+ 38. Ke2 Qc7 39. Qe8 Kg8 40. Qb5 Kh7 41. Qd3 Qc6 42. Kf3 Kg8 43. Bf2 c4 44. Qxc4 Qxc4 45. bxc4 b3 46. Bd4 Ba3 47. c5 Kf8 48. c6 Ke8 49. g4 b2 50. Bxb2 Bxb2 51. Ke2 Kd8 52. Kd3 Kc7 53. Kc2 Bd4 54. Kd3 Ba1 55. Kc4 Kxc6 56. g5 hxg5 57. fxg5 Bxe5 58. h6 gxh6 59. gxh6 f5 60. exf5 exf5 61. h7 Bh8 62. Kd3 Kc5 63. Ke3 Be5 0-1


[Site "https://www.chess.com"]

[Event "Titled Tuesday Blitz November 29 Late 2022"]
[White "Milosevic, Milos"]
[Black "Mladenovic, Stefan"]
[WhiteFideId "964875"]
[BlackFideId "942227"]
[WhiteElo "2321"]
[BlackElo "2337"]
[Result "1/2-1/2"]
[Round "08"]
[TimeControl "180+1"]
[Date "2022.11.30"]
[WhiteClock "0:00:03"]
[BlackClock "0:00:05"]

1. e4 c5 2. Nf3 d6 3. d4 cxd4 4. Nxd4 Nf6 5. Nc3 g6 6. Be3 Bg7 7. f3 O-O 8. Bc4 Nc6 9. Qd2 Bd7 10. Bb3 Rb8 11. O-O-O b5 12. h4 Na5 13. Kb1 Nc4 14. Bxc4 bxc4 15. h5 Qb6 16. b3 cxb3 17. axb3 Qb4 18. hxg6 fxg6 19. Bh6 Bxh6 20. Rxh6 a5 21. Nd5 Nxd5 22. exd5 Qc5 23. Re1 Rf7 24. Ne6 Qa3 25. Rh4 a4 26. Qa5 Rc8 27. Re2 Rf5 28. Rc4 Bxe6 29. Rxa4 Qc5 30. Qxc5 Rxc5 31. Rxe6 Rcxd5 32. Rxe7 Rf7 33. Ra8+ Kg7 34. Rxf7+ Kxf7 35. Ra7+ Kg8 36. Rd7 h5 37. Kb2 h4 38. b4 Rg5 39. Rxd6 Rxg2 40. b5 Kf7 41. Kc3 h3 42. b6 Rg5 43. Rd2 Rb5 44. Rh2 Rxb6 45. Rxh3 Rf6 46. Kd4 Rf4+ 47. Ke3 Rc4 48. Kd3 Rf4 49. c4 Ke6 50. Rg3 Kf6 51. Kc3 g5 52. Kb4 Kf5 53. Kb5 Rd4 54. c5 Rd1 55. Rg4 Rf1 56. c6 Rxf3 57. Rc4 Rb3+ 58. Ka6 Rb8 59. c7 Rg8 60. Kb7 g4 61. c8=Q+ Rxc8 62. Rxc8 g3 63. Kc6 Ke4 64. Kc5 g2 65. Rg8 Kf3 66. Kd4 Kf2 67. Rf8+ Ke2 68. Re8+ Kf2 69. Rf8+ Ke2 70. Rg8 Kf2 71. Kd3 g1=Q 72. Rxg1 Kxg1 1/2-1/2


[Site "https://www.chess.com"]

[Event "Titled Tuesday Blitz November 29 Late 2022"]
[White "Mohammed, Zozek Salah Mohammed"]
[Black "Koellner, Ruben Gideon"]
[WhiteFideId "4803361"]
[BlackFideId "12993093"]
[WhiteElo "2199"]
[BlackElo "2303"]
[Result "1/2-1/2"]
[Round "08"]
[TimeControl "180+1"]
[Date "2022.11.30"]
[WhiteClock "0:00:14"]
[BlackClock "0:00:21"]

1. d4 d6 2. Nf3 Nf6 3. c4 g6 4. g3 Bg7 5. Bg2 O-O 6. O-O Nbd7 7. Nc3 e5 8. e4 c6 9. Re1 Re8 10. b3 Bf8 11. Bb2 a6 12. Qd2 Qc7 13. Rad1 b5 14. cxb5 axb5 15. Rc1 Qb8 16. dxe5 dxe5 17. Ba1 Nc5 18. Qe3 Bg4 19. h3 Bxf3 20. Bxf3 Ne6 21. Ne2 Rc8 22. Qc3 Bd6 23. Qc2 c5 24. Nc3 Nd4 25. Qd1 Rd8 26. Nd5 Nxd5 27. exd5 Rxa2 28. Bxd4 exd4 29. Rc2 Rxc2 30. Qxc2 Re8 31. Rxe8+ Qxe8 32. Qe2 Qd7 33. Qd3 Qxh3 34. Qxb5 Qf5 35. Qe8+ Kg7 36. Qe4 Qg5 37. b4 Qc1+ 38. Kg2 Qc3 39. bxc5 Qxc5 40. Qd3 Qb4 41. Be4 Bc5 42. Bf3 Qb2 43. Be4 h5 44. Bf3 Qc3 45. Be4 Qxd3 46. Bxd3 Kf6 47. Kf3 Ke5 48. Bc4 Bd6 49. Ke2 g5 50. Kf3 f5 51. Ke2 Kf6 52. Bd3 h4 53. gxh4 gxh4 54. Kf3 h3 55. Bc2 h2 56. Kg2 Bf4 57. Bd3 Ke5 58. f3 Kxd5 59. Bxf5 Kc5 60. Bd3 Kb4 61. Bf5 Kc3 62. Kh1 Kd2 63. Kg2 Ke3 64. Be4 Ke2 65. Kh1 Kf2 66. Bd3 Kxf3 67. Bh7 Ke3 68. Bg6 Be5 69. Bh7 Kf2 70. Bg6 Ke1 71. Bh7 Kd2 72. Bg6 Kc3 73. Bh7 Kc4 74. Bg6 Kc5 75. Bf5 Kd5 76. Bg6 Bf4 77. Bh7 Kc4 78. Bg6 d3 79. Bxd3+ Kxd3 80. Kg2 Ke4 81. Kh1 Be5 82. Kg2 Ke3 83. Kh1 Bd6 84. Kg2 Kd4 85. Kh1 Ke4 86. Kg2 Ke3 87. Kh1 Kf3 1/2-1/2


[Site "https://www.chess.com"]

[Event "Titled Tuesday Blitz November 29 Late 2022"]
[White "Naroditsky, Daniel"]
[Black "Keymer, Vincent"]
[WhiteFideId "2026961"]
[BlackFideId "12940690"]
[WhiteElo "2628"]
[BlackElo "2600"]
[Result "0-1"]
[Round "08"]
[TimeControl "180+1"]
[Date "2022.11.30"]
[WhiteClock "0:01:57"]
[BlackClock "0:01:51"]

1. e4 c6 2. d4 d5 3. e5 Bf5 4. Nd2 e6 5. Nb3 Nd7 6. Nf3 Qc7 7. Be2 c5 8. dxc5 Bxc5 9. Nxc5 Qxc5 10. c3 Ne7 11. Qa4 Qc7 12. Bf4 O-O 13. Bg3 Be4 14. Nd2 Nc5 15. Qd1 Bxg2 16. Rg1 Be4 17. Kf1 Bf5 18. Nb3 Ne4 19. f4 Nc6 20. Kg2 Qb6 21. Be1 f6 22. exf6 Rxf6 23. Kh1 Raf8 24. Bf3 Bg6 25. Bg3 Rxf4 0-1


[Site "https://www.chess.com"]

[Event "Titled Tuesday Blitz November 29 Late 2022"]
[White "Novikova, Galina"]
[Black "Aggelis, Nikolaos"]
[WhiteFideId "4157095"]
[BlackFideId "4213220"]
[WhiteElo "1973"]
[BlackElo "2189"]
[Result "1-0"]
[Round "08"]
[TimeControl "180+1"]
[Date "2022.11.30"]
[WhiteClock "0:00:10"]
[BlackClock "0:00:54"]

1. e4 c6 2. d4 d5 3. e5 c5 4. c3 Nc6 5. Nf3 cxd4 6. cxd4 Bg4 7. Be2 e6 8. O-O Nge7 9. Nc3 Qb6 10. Na4 Qc7 11. b3 Nf5 12. Bb2 Bxf3 13. Bxf3 Be7 14. Rc1 O-O 15. Nc5 b6 16. Nd3 Qb7 17. Nf4 Rac8 18. Bg4 Nh4 19. Nxe6 fxe6 20. Bxe6+ Kh8 21. Bxd5 Qd7 22. Be4 Nf5 23. d5 Nb4 24. e6 Qd6 25. Rxc8 Rxc8 26. Bxf5 Qf4 27. Bh3 Bd6 28. g3 Qg5 29. Qd4 Bc5 30. Qe5 Nd3 31. Qxg5 1-0


[Site "https://www.chess.com"]

[Event "Titled Tuesday Blitz November 29 Late 2022"]
[White "O`Gorman, Tom"]
[Black "Chlpik, Martin"]
[WhiteFideId "2508249"]
[BlackFideId "14923351"]
[WhiteElo "2271"]
[BlackElo "2109"]
[Result "1-0"]
[Round "08"]
[TimeControl "180+1"]
[Date "2022.11.30"]
[WhiteClock "0:00:10"]
[BlackClock "0:00:33"]

1. e4 c5 2. Nf3 d6 3. d4 cxd4 4. Nxd4 Nf6 5. Nc3 a6 6. Bg5 Nbd7 7. Qe2 b5 8. f4 h6 9. Bh4 e5 10. fxe5 dxe5 11. Nf5 b4 12. Nd5 g5 13. Bg3 Nxd5 14. exd5 Qf6 15. Ne3 Bg7 16. Qf2 Qxf2+ 17. Bxf2 Nc5 18. O-O-O Ne4 19. Be1 O-O 20. Bxb4 Re8 21. Be1 f5 22. Bd3 Nd6 23. Bb4 e4 24. Bxd6 exd3 25. Rxd3 f4 26. Nc4 Bf5 27. Rd2 Re4 28. b3 Rae8 29. Ba3 Bc3 30. Rhd1 Bg4 31. Nd6 Re1 32. Nxe8 Bxd2+ 33. Kxd2 Rxd1+ 34. Kc3 Bh3 35. gxh3 f3 36. Bc5 Re1 37. Nc7 Re5 38. Kc4 Rf5 39. Nxa6 f2 40. Bxf2 Rxf2 41. Nb4 Rxh2 42. a4 h5 43. a5 g4 44. a6 Rh1 45. Kb5 Ra1 46. d6 Kf7 47. hxg4 h4 48. Kc6 h3 49. d7 Rd1 50. Nd5 Rxd5 51. Kxd5 Ke7 52. a7 h2 53. d8=Q+ 1-0


[Site "https://www.chess.com"]

[Event "Titled Tuesday Blitz November 29 Late 2022"]
[White "Pace, Christopher"]
[Black "Vlassov, Nikolai"]
[WhiteFideId "2610167"]
[BlackFideId "4103360"]
[WhiteElo "2321"]
[BlackElo "2324"]
[Result "0-1"]
[Round "08"]
[TimeControl "180+1"]
[Date "2022.11.30"]
[WhiteClock "0:00:01"]
[BlackClock "0:00:14"]

1. e4 c5 2. Nf3 d6 3. d4 cxd4 4. Nxd4 Nf6 5. Nc3 g6 6. f3 a6 7. Be3 Nbd7 8. Qd2 Qc7 9. O-O-O b5 10. g4 b4 11. Nd5 Nxd5 12. exd5 Bb7 13. Qxb4 Bxd5 14. Nb5 axb5 15. Rxd5 Rxa2 16. Kb1 Ra8 17. Rxb5 Bg7 18. Rb7 Qa5 19. Qxa5 Rxa5 20. Bb5 O-O 21. Bd2 Nc5 22. Bxa5 Nxb7 23. Bb4 Rb8 24. c3 Nc5 25. Be2 Be5 26. Kc2 Ra8 27. h4 Kg7 28. h5 Kf6 29. hxg6 hxg6 30. Rh7 Ne6 31. Rh1 Nf4 32. Bb5 Nd5 33. Ba3 Nxc3 34. Bc6 Ra6 35. Be8 Ne2 36. Rh7 Nd4+ 37. Kd3 Kg5 38. Rxf7 Ne6 39. Rxe7 Nf4+ 40. Ke4 Bf6 41. Rh7 d5+ 42. Ke3 Re6+ 0-1


[Site "https://www.chess.com"]

[Event "Titled Tuesday Blitz November 29 Late 2022"]
[White "Pap, Gyula"]
[Black "Pakleza, Zbigniew"]
[WhiteFideId "725323"]
[BlackFideId "1119290"]
[WhiteElo "2519"]
[BlackElo "2411"]
[Result "1-0"]
[Round "08"]
[TimeControl "180+1"]
[Date "2022.11.30"]
[WhiteClock "0:01:30"]
[BlackClock "0:00:04"]

1. d4 d5 2. Nf3 Nf6 3. e3 c6 4. Bd3 Bg4 5. O-O Nbd7 6. a4 e5 7. Be2 e4 8. Nfd2 Bxe2 9. Qxe2 Bd6 10. a5 O-O 11. a6 b5 12. b3 Qb6 13. c4 bxc4 14. bxc4 c5 15. cxd5 cxd4 16. Nc4 d3 17. Qa2 Qc7 18. Nxd6 Qxd6 19. Ba3 Qxd5 20. Bxf8 Qxa2 21. Rxa2 Kxf8 22. Nc3 Nc5 23. f3 Rd8 24. Rd1 Ke7 25. Ra5 Rc8 26. fxe4 Ke6 27. h3 Nb3 28. Rxd3 Nxa5 29. Nb5 Rc6 30. Nd4+ 1-0


[Site "https://www.chess.com"]

[Event "Titled Tuesday Blitz November 29 Late 2022"]
[White "Papasimakopoulos, Alexandros"]
[Black "Kuzmicz, Krystian"]
[WhiteFideId "4244125"]
[BlackFideId "1119125"]
[WhiteElo "2365"]
[BlackElo "2380"]
[Result "0-1"]
[Round "08"]
[TimeControl "180+1"]
[Date "2022.11.30"]
[WhiteClock "0:01:23"]
[BlackClock "0:00:34"]

1. d4 g6 2. c4 Bg7 3. e4 c5 4. d5 d6 5. Bd3 e6 6. h3 Ne7 7. Nf3 h6 8. O-O O-O 9. Nc3 Na6 10. a3 Nc7 11. Qc2 a6 12. b4 b6 13. Rb1 exd5 14. exd5 Bf5 15. bxc5 bxc5 16. Re1 Qd7 17. Bxf5 Nxf5 18. g4 Nd4 19. Nxd4 cxd4 20. Ne4 f5 21. gxf5 Qxf5 22. Qd3 Rae8 23. Bd2 Re5 24. Rb7 Ne8 25. Rb3 Rf7 26. f4 Ree7 27. Kg2 Qd7 28. Rb8 Kh7 29. Ng3 Rxe1 30. Bxe1 Rxf4 31. Bf2 Qf7 32. Bg1 Nf6 33. Bxd4 Ng4 34. Bxg7 Rf2+ 35. Kg1 Rg2+ 36. Kh1 Rh2+ 37. Kg1 Qf2# 0-1


[Site "https://www.chess.com"]

[Event "Titled Tuesday Blitz November 29 Late 2022"]
[White "Pranav, V"]
[Black "Aghasiyev, Kamal"]
[WhiteFideId "25060783"]
[BlackFideId "13402854"]
[WhiteElo "2430"]
[BlackElo "2341"]
[Result "1-0"]
[Round "08"]
[TimeControl "180+1"]
[Date "2022.11.30"]
[WhiteClock "0:00:33"]
[BlackClock "0:00:02"]

1. e4 e5 2. Nf3 Nc6 3. Bc4 Bc5 4. c3 Nf6 5. d4 exd4 6. e5 d5 7. Bb5 Ne4 8. cxd4 Bb6 9. Nc3 O-O 10. Be3 Bg4 11. h3 Bh5 12. O-O f6 13. g4 Nxc3 14. bxc3 Bg6 15. e6 Qd6 16. Nh4 Qxe6 17. Re1 Qd6 18. Bd3 Ne7 19. a4 c6 20. Bc1 Bc7 21. f4 Bxd3 22. Qxd3 Rfe8 23. Bd2 c5 24. Rab1 b6 25. Re2 Nc6 26. Nf5 Qd7 27. Rbe1 g6 28. Nh6+ Kg7 29. g5 f5 30. h4 c4 31. Qf3 Re4 32. Rh2 Rxe1+ 33. Bxe1 Re8 34. Bd2 Re4 35. h5 Qe8 36. hxg6 hxg6 37. Kf2 Qe7 38. Nxf5+ gxf5 39. Qh5 Re2+ 40. Qxe2 Qxe2+ 41. Kxe2 Ne7 42. Kf3 Ng6 43. Re2 Kf7 44. Rh2 Kg7 45. Be3 Bd6 46. Rh1 Bc7 47. Rh2 Bd6 48. a5 b5 49. a6 b4 50. cxb4 Bxb4 51. Rb2 Ba5 52. Rb7+ 1-0


[Site "https://www.chess.com"]